 Dungeon Crawl Stone Soup version 0.29.1-12-g30fa7ad0bf (webtiles) character file.

Game seed: 3395529627587628342

76 fishmans the Cudgeller (level 4, 28/28 HPs)
             Began as a Gargoyle Fighter on Jan 11, 2023.
             Was a Follower of Uskayaw.
             Quit the game on level 2 of the Dungeon.
             The game lasted 00:04:58 (1734 turns).

fishmans the Cudgeller (Gargoyle Fighter)           Turns: 1734, Time: 00:04:59

Health: 28/28      AC: 10    Str: 22    XL:     4   Next: 32%
Magic:  4/4        EV: 13    Int:  8    God:    Uskayaw [*.....]
Gold:   97         SH:  4    Dex:  9    Spells: 3/3 levels left

rFire   . . .      SeeInvis .   a - +1 flail
rCold   . . .      Faith    .   c - +0 buckler
rNeg    + . .      Spirit   .   b - +0 scale mail
rPois   ∞          Reflect  .   (no helmet)
rElec   +          Harm     .   (no cloak)
rCorr   .          Rampage  .   (no gloves)
Will    .....                   (no boots)
Stlth   ..........              (no amulet)
HPRegen 0.09/turn               h - +4 ring of evasion
MPRegen 0.09/turn               (no ring)

@: no status effects
A: sickness immunity, AC +3, negative energy resistance 1, electricity
resistance, torment resistance 1, petrification resistance
a: Renounce Religion, Stomp


You were on level 2 of the Dungeon.
You worshipped Uskayaw.
Uskayaw was noncommittal.
You visited 1 branch of the dungeon, and saw 3 of its levels.

You collected 97 gold pieces.

Inventory:

Hand Weapons
 a - a +1 flail (weapon)
Armour
 b - a +0 scale mail (worn)
 c - a +0 buckler (worn)
Jewellery
 h - a +4 ring of evasion (left hand)
Scrolls
 g - a scroll of magic mapping
 k - a scroll of identify {unknown}
 m - a scroll of vulnerability {unknown}
Potions
 d - 2 potions of ambrosia {unknown}
 e - 2 potions of flight {unknown}
 f - 2 potions of mutation {unknown}
 i - a potion of lignification {unknown}
 j - a potion of attraction {unknown}
 l - a potion of curing {unknown}


   Skills:
 - Level 3.2 Fighting
 + Level 4.4 Maces & Flails
 - Level 3.2 Armour
 - Level 3.2 Shields


You had 3 spell levels left.
You didn't know any spells.
Your spell library was empty.

Dungeon Overview and Level Annotations

Branches:
Dungeon (3/15)

Altars:
Uskayaw

Annotations:
D:2 Sigmund
D:3 Robin


Innate Abilities, Weirdness & Mutations

You are immune to sickness and miasma.
Your stone body is resilient. (AC +3)
You are immune to poison.
You resist negative energy. (rN+)
You are resistant to electric shocks. (rElec)
You are resistant to unholy torment.
You are immune to petrification.


Message History

You climb downwards.
Level annotation: Sigmund
There is a stone staircase leading up, spattered with blood here.
Items here: )) ÷÷.
A hobgoblin comes into view.
You sock the hobgoblin!
You kill the hobgoblin!
No target in view!
There is a stone staircase leading up, spattered with blood here.
Items here: )) ÷÷.
You now have 81 gold pieces (gained 9).
Found an escape hatch in the ceiling.
f - 2 clear potions (gained 1)
e - 2 lumpy black potions (gained 1)
You now have 92 gold pieces (gained 11).
You open the door. You open the door.
There is an open door here.
Found a stone staircase leading down.
There is a stone staircase leading down here.
Found a faded altar of an unknown god.
You enter the shallow water.
Moving in this stuff is going to be slow.
You now have 93 gold pieces (gained 1).
You now have 94 gold pieces (gained 1).
You now have 95 gold pieces (gained 1).
You now have 96 gold pieces (gained 1).
You now have 97 gold pieces (gained 1).
There is a faded altar of an unknown god here.
You enter the shallow water.
Moving in this stuff is going to be slow.
d - 2 purple potions You enter the shallow water.
Moving in this stuff is going to be slow.
There is a faded altar of an unknown god here.
You cannot tell which god this altar belongs to.
Convert to them anyway?
Uskayaw accepts your prayer! Uskayaw welcomes you!
You can now stomp with the beat.
Are you sure you want to abandon this character and quit the game? (Confirm with "yes".)

.#
........######.#
.# ........# #.# #
........# #.# .#
........# #.## .#
........######..##
.#
###.........##...#
.#
#..............#
.#
#####.....~~~..#
.## #.....~@~.##
..######
#.....~~~.#
..##...#
#.........#
#@##...#
#.....##.##
#..#...#
#.....#..#
##.#...#
#.......##
...#...# #####..##
.......# #.....##
[.#....###.....#


There were no monsters in sight!

Vanquished Creatures
  4 gnolls
  An adder (D:2)
  2 endoplasms
  2 giant cockroaches (D:2)
  5 hobgoblins
  2 ball pythons
  2 bats (D:1)
  A frilled lizard (D:1)
  5 goblins
  3 kobolds (D:1)
  2 rats (D:1)
29 creatures vanquished.

Notes
Turn   | Place    | Note
-------+----------+-------------------------------------------
     0 | D:1      | fishmans the Gargoyle Fighter began the quest for the Orb.
     0 | D:1      | Reached XP level 1. HP: 14/14 MP: 1/1
   211 | D:1      | Reached XP level 2. HP: 19/19 MP: 2/2
   762 | D:2      | Reached skill level 3 in Maces & Flails
   838 | D:2      | Reached XP level 3. HP: 22/23 MP: 3/3
   878 | D:2      | Noticed Sigmund
   889 | D:3      | Noticed Robin
  1182 | D:2      | Reached skill level 4 in Maces & Flails
  1185 | D:2      | Reached XP level 4. HP: 11/28 MP: 4/4
  1706 | D:2      | Found a faded altar of an unknown god.
  1733 | D:2      | Prayed at the altar of an unknown god.
  1733 | D:2      | Became a worshipper of Uskayaw the Reveller
  1733 | D:2      | Reached * piety under Uskayaw
  1734 | D:2      | Quit the game

Illustrated notes

Levels and vault maps discovered:
D:1:      minmay_arrival_diagonal_passages, layout_basic,
          hangedman_decor_points, dk_noncrumbling_3
D:2:      layout_basic, hellmonk_ecumenical_altar_pennies_from_heaven,
          uniq_sigmund
D:3:      layout_loops_ring, mainiacjoe_overflow_concentric_impassable,
          mainiacjoe_overflow_paths, nrook_mini_backslash, uniq_robin,
          uniq_crazy_yiuf_cottage

Skill      XL: |  1  2  3 |
---------------+----------+-----
Maces & Flails | 3 4 |  4.4
Fighting       | |  3.2
Armour         | |  3.2
Shields        | |  3.2

Action                   |  1- 3 |  4- 6 || total
-------------------------+-------+-------++-------
Melee: Flail             |    62 |    10 ||    72
  Use: Scroll            |     4 |       ||     4
       Potion            |       |     1 ||     1
Armor: Scale mail        |    32 |       ||    32
Dodge: Dodged            |    41 |     8 ||    49
Block: Buckler           |    11 |       ||    11
